 Dungeon Crawl Stone Soup version 0.30.1-11-g7821555f0a (webtiles) character file.

Game seed: 18387979696148657144

100 comborobin the Sneak (level 5, -2/32 HPs)
             Began as a Kobold Delver on Nov 18, 2023.
             Killed from afar by an orc wizard (9 damage)
             ... with a puff of flame
             ... on level 4 of the Dungeon.
             The game lasted 00:01:35 (224 turns).

comborobin the Sneak (Kobold Delver)                 Turns: 224, Time: 00:01:36

Health: -2/32      AC:  3    Str:  9    XL:     5   Next: 3%
Magic:  5/5        EV: 14    Int: 12    God:
Gold:   19         SH:  0    Dex: 18    Spells: 4/4 levels left

rFire   . . .        a - +0 short sword
rCold   . . .        (no shield)
rNeg    . . .        b - +0 leather armour
rPois   .            (no helmet)
rElec   .            (no cloak)
rCorr   .            (no gloves)
SInv    .            (no boots)
Will    .....        (no amulet)
Stlth   ++++         (no ring)
HPRegen 0.25/turn    (no ring)
MPRegen 0.09/turn

%: no passive effects
@: hasted, very quick
A: small, no large weapons, nightstalker 3
a: no special abilities


You were on level 4 of the Dungeon.
You visited 1 branch of the dungeon, and saw 3 of its levels.

You collected 19 gold pieces.

Inventory:

Hand Weapons
 a - a +0 short sword (weapon)
Armour
 b - a +0 leather armour (worn)
Wands
 g - a wand of digging (3)
Scrolls
 c - a scroll of fog
 e - a scroll of fear
 h - 2 scrolls of teleportation {unknown}


   Skills:
 + Level 3.4 Fighting
 * Level 6.1 Short Blades
 - Level 2.4 Dodging
 + Level 6.7 Stealth


You had 4 spell levels left.
You didn't know any spells.
Your spell library was empty.

Dungeon Overview and Level Annotations

Branches:
Dungeon (6/15)
 Temple: D:4-7

Altars:


Innate Abilities, Weirdness & Mutations

You are small and have problems with some larger weapons.
You are completely attuned to the shadows.


Message History

The endoplasm barely misses you.
You hit the endoplasm but do no damage.
The endoplasm is moderately wounded.
You hit the endoplasm.
The endoplasm is almost dead.
The endoplasm hits you but does no damage.
You hit the endoplasm.
You kill the endoplasm!
The orc wizard hits you with a +0 dagger.
The orc misses you.
You miss the orc wizard. You barely miss the orc wizard.
The orc wizard barely misses you. The orc closely misses you.
You hit the orc wizard but do no damage.
You hit the orc wizard.
The orc wizard is moderately wounded.
The orc wizard completely misses you. The orc closely misses you.
You hit the orc.
The orc is lightly wounded.
You hit the orc wizard.
The orc wizard is heavily wounded.
The orc wizard points at you and mumbles some strange words.
The puff of flame hits you! The orc hits you with a +0 club.
You closely miss the orc wizard.
The orc wizard is heavily wounded.
You hit the orc wizard but do no damage.
The orc wizard is heavily wounded.
You puncture the orc wizard!
The orc wizard is almost dead.
The orc misses you.
The orc wizard hits you with a +0 dagger.
You hit the orc wizard but do no damage.
The orc wizard is almost dead.
You hit the orc wizard but do no damage.
The orc wizard is almost dead.
The orc hits you with a +0 club.
* * * LOW HITPOINT WARNING * * *
The orc wizard gestures at you while chanting.
The puff of flame hits you!
You die...

##. ...#..##.##.).###
####....##...#.#....#
#.......##..........#
......#.............#
#....####.........##
#.)o# ##...#.#...#
#..o###...##.##..#
##.o##....#... ..
#.oo@.#.## ##.o###.#
#......# #.......
....####. ....


You could see an orc wizard and 3 orcs.

Vanquished Creatures
  A bullfrog (D:6)
  An orc wizard (D:4)
  An adder (D:4)
  An orc (D:4)
  4 endoplasms (D:4)
8 creatures vanquished.

Notes
Turn   | Place    | Note
-------+----------+-------------------------------------------
     0 | D:5      | comborobin the Kobold Delver began the quest for the Orb.
     0 | D:5      | Reached XP level 1. HP: 14/14 MP: 1/1
     1 | D:6      | Noticed a bullfrog
     2 | D:6      | Killed a bullfrog
     3 | D:6      | Reached skill level 5 in Short Blades
     3 | D:6      | Reached XP level 2. HP: 19/19 MP: 2/2
     3 | D:6      | Reached XP level 3. HP: 23/23 MP: 3/3
     3 | D:6      | Reached XP level 4. HP: 28/28 MP: 4/4
   196 | D:4      | Reached XP level 5. HP: 32/32 MP: 5/5
   224 | D:4      | Killed from afar by an orc wizard

Illustrated notes

Levels and vault maps discovered:
D:4:      layout_layer_cave, minmay_fire_ice_demons, uniq_edmund
D:5:      layout_basic
D:6:      layout_loops_ring, minmay_temple_entry_hall

Skill      XL: |  1  2  3  4 |
---------------+-------------+-----
Short Blades   | 5 6 |  6.1
Fighting       | |  3.4
Dodging        | |  2.4
Stealth        | |  6.7

Action                     |  1- 3 |  4- 6 || total
---------------------------+-------+-------++-------
  Melee: Short sword       |     1 |    31 ||    32
    Use: Scroll            |       |     1 ||     1
         Potion            |       |     2 ||     2
   Stab: Sleeping          |     1 |     5 ||     6
 Armour: Leather armour    |       |     3 ||     3
  Dodge: Dodged            |       |    10 ||    10
